 Dungeon Crawl Stone Soup version 0.19.5 (webtiles) character file.

5341 theElss the Thaumaturge (level 10, -19/52 HPs)
             Began as a Deep Elf Conjurer on May 11, 2017.
             Demolished by a hill giant
             ... wielding a +0 giant club
              (30 damage)
             ... on level 8 of the Dungeon.
             The game lasted 00:38:38 (9585 turns).

theElss the Thaumaturge (Deep Elf Conjurer)         Turns: 9585, Time: 00:38:38

Health: -19/52     AC:  5    Str:  8    XL:     10   Next: 38%
Magic:  17/39      EV: 15    Int: 24    God:
Gold:   405        SH:  0    Dex: 15    Spells: 4 memorised, 25 levels left

rFire  . . .     SeeInvis .     e - +0 short sword
rCold  + . .     Gourm    .     a - +0 robe
rNeg   . . .     Faith    .     (no shield)
rPois  .         Spirit   .     K - +2 hat
rElec  .         Reflect  .     (no cloak)
rCorr  .         Harm     .     D - +0 pair of gloves {Str+3}
MR     +....                    (no boots)
Stlth  ++........               (no amulet)
                                p - ring of magical power
                                g - ring of protection from cold

@: very slightly contaminated
A: no striking features
a: no special abilities


You were on level 8 of the Dungeon.
You were hungry.

You visited 2 branches of the dungeon, and saw 10 of its levels.

You collected 405 gold pieces.

Inventory:

Hand Weapons
 e - a +0 short sword (weapon)
Armour
 a - a +0 robe (worn)
 D - a +0 pair of gloves of strength (worn)
 K - a +2 hat (worn)
Magical Staves
 E - an uncursed staff of fire
Jewellery
 g - a ring of protection from cold (left hand)
 i - an uncursed ring of ice
 o - an uncursed amulet of faith
 p - a ring of magical power (right hand)
Wands
 q - a wand of lightning (11/15)
 r - a wand of flame (22/48)
 t - a wand of flame (21/48)
 x - a wand of flame (29/48)
 y - a wand of enslavement (8/24)
 G - a wand of confusion (31/48)
 M - a wand of polymorph (11/24)
Scrolls
 f - 2 scrolls of enchant weapon
 k - a scroll of enchant armour
 l - 2 scrolls of teleportation
 s - a scroll of fog
 w - 2 scrolls of recharging
 F - 2 scrolls of remove curse {unknown}
 H - a scroll of holy word {unknown}
 J - a scroll of amnesia {unknown}
Potions
 d - a potion of agility
 m - 5 potions of curing
 n - a potion of flight
 v - 2 potions of lignification {unknown}
 z - a potion of cure mutation {unknown}
 B - 2 potions of mutation {unknown}
 C - a potion of haste
 I - a potion of might {unknown}
 L - 2 potions of heal wounds {unknown}
Books
 b - a book of Conjurations

   Spells                             Type                      Level
   a - Magic Dart                     Conjuration                  1
   b - Searing Ray                    Conjuration                  2
   c - Dazzling Spray                 Conjuration/Hexes            3
   d - Fulminant Prism                Conjuration/Hexes            4
   e - Iskenderun's Mystic Blast      Conjuration                  4
   f - Iskenderun's Battlesphere      Conjuration/Charms           5
 u - a book of Air

   Spells                             Type                      Level
   a - Shock                          Conjuration/Air              1
   b - Swiftness                      Charms/Air                   2
   c - Repel Missiles                 Charms/Air                   2
   d - Static Discharge               Conjuration/Air              3
   e - Lightning Bolt                 Conjuration/Air              5
Comestibles
 c - 9 bread rations
 h - 4 meat rations
 j - 8 beef jerkies
 A - 7 fruits


   Skills:
 + Level 1.2 Fighting
 + Level 4.7 Dodging
 - Level 2.4 Stealth
 + Level 14.0 Spellcasting
 + Level 11.7 Conjurations


You had 25 spell levels left.
You knew the following spells:

 Your Spells              Type           Power        Failure   Level  Hunger
a - Magic Dart            Conj           ####         1%          1    None
b - Iskenderun's Battles  Conj/Chrm      #####...     12%         5    ###....
c - Searing Ray           Conj           ######       1%          2    None
d - Iskenderun's Mystic   Conj           ######..     1%          4    None


Dungeon Overview and Level Annotations

Branches:
Dungeon (9/15)             Temple (1/1) D:7             Orc (0/2) D:9
   Lair: D:8-11

Altars:
Ashenzari
Cheibriados
Dithmenos
Elyvilon
Fedhas
Gozag
Hepliaklqana
Kikubaaqudgha
Makhleb
Nemelex Xobeh
Okawaru
Ru
Sif Muna
Trog
Uskayaw
Xom
Yredelemnul
Zin
The Shining One

Annotations:
D:2 Sigmund
D:9 exclusion: ice statue


Message History

The hill giant is moderately wounded.
The orb of energy explodes!
Your battlesphere fires!
The barrage of energy hits the hill giant.
The hill giant is heavily wounded.
Unknown command.
Casting: Iskenderun's Mystic Blast
Confirm with . or Enter, or press ? or * to list all spells.
Aiming: Iskenderun's Mystic Blast
Press: ? - help, Shift-Dir - straight line, f/p - hill giant
Aim: a hill giant, wielding a giant club (heavily wounded)
The orb of energy hits the hill giant.
The hill giant is severely wounded.
The orb of energy explodes!
Your battlesphere fires!
The barrage of energy hits the hill giant.
The hill giant is severely wounded.
The hill giant hits you with a giant club!!
Ouch! That really hurt!
You die...

(......................#
###########............##
##............# ###
#............# ##.#
##..........## ##..##
##...>....## ##....##
##.....### #......# #..C.###
## #......###..@## ##.
#.......##.*).# ##..
#.......##....##### ##...
#........#[..[.##.# ##....
#.......#)[.......# #.....
#########....##.########.....
#....##..............
##.####<########..... ### ###
##<...


You could see a hill giant and a friendly battlesphere.

Vanquished Creatures
  Pikel (D:5)
  Joseph (D:7)
  Prince Ribbit (D:5)
  A hippogriff (D:7)
  A hungry ghost (D:9)
  Menkaure (D:6)
  The ghost of Phong the Insei, an amateur OpTm (D:3)
  Edmund (D:5)
  2 sky beasts
  2 orc warriors
  An eye of draining (D:9)
  A hornet zombie (D:6)
  An ice beast (D:6)
  A black bear (D:7)
  2 phantoms
  5 ogres
  4 centaurs
  4 bullfrogs
  A gnoll sergeant (D:8)
  A scorpion (D:4)
  8 killer bees
  2 troll zombies (D:9)
  5 howler monkeys
  A crimson imp (D:6)
  A bullfrog zombie (D:6)
  2 quasits
  A centaur skeleton (D:7)
  6 hounds
  A jelly (D:8)
  An orc priest (D:5)
  4 orc wizards
  4 iguanas
  2 worker ants
  4 ogre zombies (D:9)
  A hound zombie (D:9)
  8 adders
  10 gnolls
  A shadow imp (D:9)
  An adder zombie (D:5)
  2 oozes
  3 leopard geckos
  17 orcs
  6 giant cockroaches
  6 goblins
  12 hobgoblins
  7 jackals
  3 quokkas
  5 bats
  4 frilled lizards
  A goblin zombie (D:9)
  2 hobgoblin skeletons (D:9)
  3 hobgoblin zombies (D:9)
  6 kobolds
  A leopard gecko skeleton (D:6)
  4 orc skeletons (D:9)
  7 orc zombies (D:9)
  2 quokka skeletons
  A quokka zombie (D:5)
  3 rats (D:3)
191 creatures vanquished.

Vanquished Creatures (others)
  A centaur skeleton (D:5)
1 creature vanquished.

Grand Total: 192 creatures vanquished

Notes
Turn   | Place    | Note
-------+----------+-------------------------------------------
     0 | D:1      | theElss the Deep Elf Conjurer began the quest for the Orb.
     0 | D:1      | Reached XP level 1. HP: 10/10 MP: 6/6
   401 | D:1      | Reached XP level 2. HP: 15/15 MP: 1/8
   464 | D:1      | Learned a level 2 spell: Searing Ray
   480 | D:1      | Reached skill level 5 in Conjurations
   985 | D:2      | Noticed Sigmund
  1189 | D:3      | Reached XP level 3. HP: 19/19 MP: 4/9
  1860 | D:3      | Found a burning altar of Makhleb.
  2006 | D:3      | Noticed Phong's ghost (amateur OpTm)
  2035 | D:3      | Killed Phong's ghost
  2035 | D:3      | Reached skill level 4 in Spellcasting
  2035 | D:3      | Reached XP level 4. HP: 10/24 MP: 12/12
  2035 | D:3      | Reached XP level 5. HP: 12/28 MP: 12/13
  2042 | D:3      | Learned a level 5 spell: Iskenderun's Battlesphere
  2047 | D:3      | Learned a level 4 spell: Iskenderun's Mystic Blast
  2564 | D:4      | Found a faded altar of an unknown god.
  2564 | D:4      | Found a white marble altar of Elyvilon.
  2570 | D:4      | Found a faded altar of an unknown god.
  2573 | D:4      | Found a faded altar of an unknown god.
  2575 | D:4      | Found a faded altar of an unknown god.
  2714 | D:4      | Reached XP level 6. HP: 32/32 MP: 11/14
  2977 | D:4      | Reached skill level 5 in Spellcasting
  3078 | D:5      | Entered Level 5 of the Dungeon
  3095 | D:5      | Noticed Prince Ribbit
  3101 | D:5      | Killed Prince Ribbit
  3101 | D:5      | Reached skill level 6 in Spellcasting
  3101 | D:5      | Reached XP level 7. HP: 36/36 MP: 8/18
  3371 | D:5      | Noticed Pikel
  3375 | D:5      | Killed Pikel
  3375 | D:5      | Reached skill level 8 in Spellcasting
  3375 | D:5      | Reached XP level 8. HP: 41/41 MP: 6/22
  3626 | D:5      | Reached skill level 9 in Spellcasting
  4291 | D:5      | Noticed Edmund
  4307 | D:5      | Killed Edmund
  4307 | D:5      | Reached skill level 10 in Spellcasting
  4426 | D:5      | Found a shimmering altar of Xom.
  4832 | D:6      | Reached XP level 9. HP: 45/45 MP: 25/25
  4910 | D:6      | Reached skill level 11 in Spellcasting
  5101 | D:6      | Reached skill level 10 in Conjurations
  5272 | D:6      | Noticed Menkaure
  5276 | D:6      | Killed Menkaure
  5893 | D:7      | Reached skill level 12 in Spellcasting
  6065 | D:7      | Noticed Joseph
  6072 | D:7      | Killed Joseph
  6072 | D:7      | Reached skill level 1 in Fighting
  6910 | D:7      | Found an ancient bone altar of Kikubaaqudgha.
  6921 | D:7      | Reached skill level 13 in Spellcasting
  7114 | D:7      | Reached XP level 10. HP: 52/52 MP: 29/29
  7246 | D:7      | Found a staircase to the Ecumenical Temple.
  7257 | Temple   | Entered the Ecumenical Temple
  7991 | D:8      | Found a sparkling altar of Nemelex Xobeh.
  8650 | D:9      | Noticed an ice statue
  9213 | D:9      | Reached skill level 14 in Spellcasting
  9425 | D:9      | Found a staircase to the Orcish Mines.
  9571 | D:9      | Noticed a hill giant
  9585 | D:8      | Demolished by a hill giant

Skill      XL: |  1  2  3  4  5  6  7  8  9 10 |
---------------+-------------------------------+-----
Conjurations   | 5 6 7 8 9 11 | 11.7
Dodging        | 3 4 |  4.7
Spellcasting   | 4 6 8 10 13 14 | 14.0
Fighting       | 1 |  1.2
Stealth        | |  2.4

Action                   |  1- 3 |  4- 6 |  7- 9 | 10-12 || total
-------------------------+-------+-------+-------+-------++-------
 Cast: Magic Dart        |    52 |    26 |    67 |    76 ||   221
       Searing Ray       |     4 |     7 |    19 |    17 ||    47
       Iskenderun's Myst |       |     3 |    70 |    48 ||   121
       Iskenderun's Batt |       |       |       |     1 ||     1
  Use: Scroll            |       |       |     8 |     1 ||     9
  Eat: Chunk             |     3 |     4 |    13 |     5 ||    25
       Fruit             |       |       |       |     2 ||     2
Armor: Robe              |       |     1 |     3 |     2 ||     6
Dodge: Dodged            |     7 |    13 |    21 |    22 ||    63
